AoeStats
← bkg45

Oasis

509457386Analyzed
4v4 RM · 5d ago on Sep 26, 2026· 36m 32s· 8 players
Game mode
Random Map
Map size
Large (8 player)
Population
200
Speed
Normal
Resources
Standard
Victory
Conquest
Starting age
Dark Age
Ending age
Imperial Age
RankedLock teamsTeams togetherTeam positionsShared explorationLock speedFull tech treeHidden civsTurbo modeCheats
Victory
Defeat
🇩🇪 Cumans · Germany
1395
+13
🇻🇳 Tatars · Vietnam
1341
+15
🇻🇳 Georgians · Vietnam
1295
+17
🇻🇳 Celts · Vietnam
1271
+19
🇺🇸 Britons · United States
1354
-17
🇵🇪 Shu · Peru
1341
-17
🇹🇼 Franks · Taiwan
1317
-16
🇦🇷 Varangians · Argentina
1285
-14
zFenix095z
4:15 Loom
6:13 Loom
8:47 Feudal Age
13:46 Fletching
20:12 Castle Age
18:18 Double-Bit Axe
18:53 Horse Collar
19:08 Gold Mining
20:53 Bodkin Arrow
20:20 Crossbowman
21:08 Thumb Ring
26:24 Gold Shaft Mining
28:47 Imperial Age
28:09 Padded Archer Armor
29:44 Bracer
30:16 Arbalester
31:52 Bow Saw
32:02 Leather Archer Armor
33:15 Ring Archer Armor
33:07 Ballistics
33:51 Wheelbarrow
35:29 Chemistry
34:40 Heavy Plow
37:50 Two-Man Saw
MatRm10
6:52 Loom
10:09 Feudal Age
11:41 Loom
14:27 Castle Age
13:17 Double-Bit Axe
13:25 Stone Mining
14:48 Horse Collar
16:36 Husbandry
20:10 Gold Mining
22:48 Wheelbarrow
23:54 Forging
25:12 Bow Saw
26:08 Forging
27:21 Bloodlines
29:33 Heavy Plow
30:27 Scale Barding Armor
33:24 Imperial Age
32:32 Chain Barding Armor
34:17 Hand Cart
34:33 Conscription
35:38 Plate Barding Armor
34:35 Light Cavalry
35:38 Elite Jarl
37:03 Iron Casting
36:10 Elite Skirmisher
小浮兒
6:21 Loom
9:50 Feudal Age
10:24 Double-Bit Axe
15:44 Scale Barding Armor
15:50 Forging
18:51 Forging
20:00 Wheelbarrow
23:07 Castle Age
21:18 Gold Mining
23:57 Husbandry
24:29 Chain Barding Armor
24:36 Bow Saw
32:45 Iron Casting
bkg45
7:15 Loom
9:40 Feudal Age
10:59 Double-Bit Axe
15:19 Fletching
21:24 Wheelbarrow
24:15 Castle Age
24:56 Padded Archer Armor
24:55 Bodkin Arrow
24:29 Crossbowman
25:39 Horse Collar
26:33 Bow Saw
27:08 Ballistics
30:26 Scale Mail Armor
30:37 Forging
31:40 Pikeman
Kempinho
9:11 Feudal Age
9:51 Double-Bit Axe
9:47 Horse Collar
16:39 Loom
19:12 Castle Age
18:28 Wheelbarrow
17:51 Gold Mining
18:57 Scale Barding Armor
19:13 Bloodlines
20:56 Chain Barding Armor
25:12 Forging
25:53 Heavy Plow
26:12 Bow Saw
27:24 Capped Ram
29:39 Iron Casting
30:02 Gold Shaft Mining
34:20 Imperial Age
33:38 Town Watch
34:08 Hand Cart
34:24 Siege Ram
34:25 Cavalier
35:53 Paladin
37:14 Plate Barding Armor
Tin's
4:54 Loom
12:04 Feudal Age
18:08 Wheelbarrow
25:26 Double-Bit Axe
26:04 Horse Collar
33:33 Castle Age
31:29 Stone Mining
32:27 Gold Mining
34:11 Scale Mail Armor
34:21 Forging
35:14 Heavy Plow
35:42 Chain Mail Armor
37:34 Iron Casting
Phu Thuy
9:08 Loom
12:01 Feudal Age
15:31 Fletching
16:45 Double-Bit Axe
16:42 Horse Collar
20:18 Wheelbarrow
24:43 Castle Age
23:59 Stone Mining
25:26 Bodkin Arrow
25:44 Bow Saw
25:35 Heavy Plow
28:10 Svan Towers
32:04 Guard Tower
35:01 Scale Barding Armor
35:07 Bloodlines
34:59 Treadmill Crane
35:46 Ballistics
35:06 Treadmill Crane
35:38 Masonry
NPChinh
8:26 Loom
11:04 Feudal Age
12:36 Double-Bit Axe
15:34 Castle Age
14:04 Horse Collar
18:18 Heavy Plow
18:30 Bow Saw
20:16 Stone Mining
23:01 Wheelbarrow
23:05 Gold Mining
24:20 Hand Cart
24:55 Fletching
26:45 Bloodlines
26:36 Husbandry
27:14 Gold Shaft Mining
26:36 Bodkin Arrow
26:42 Padded Archer Armor
28:25 Ballistics
29:22 Leather Archer Armor
28:56 Treadmill Crane
29:27 Masonry
33:18 Imperial Age
31:58 Coinage
33:48 Silk Armor
33:24 Heavy Cavalry Archer
35:16 Chemistry
34:49 Ring Archer Armor
34:22 Bracer
34:58 Ring Archer Armor
Connection lost

Rejoining the realm…

Still unreachable

The connection could not be restored.

Session expired

The server has moved on; the page needs a fresh start.